 Dungeon Sprint DCSS version 0.31-a0-339-gda1cbd555d (webtiles) character file.

Game seed: 17499624664942255653

2205 dialectric the Ninja (level 9, 0/47 HPs)
             Began as a Spriggan Brigand on July 21, 2023.
             Was an Initiate of Jiyva.
             Slain by a demonic crawler (5 damage)
             ... in the Dungeon (Sprint I: "Red Sonja").
             The game lasted 00:01:36 (131 turns).

dialectric the Ninja (Spriggan Brigand)              Turns: 131, Time: 00:01:37

Health: 0/47       AC:  3    Str:  7    XL:     9   Next: 12%
Magic:  10/10      EV: 20    Int: 12    God:    Jiyva [......]
Gold:   362        SH:  0    Dex: 21    Spells: 8/8 levels left

rFire   . . .        a - +2 dagger
rCold   . . .        (no shield)
rNeg    . . .        b - +0 robe
rPois   .            (helmet restricted)
rElec   .            c - +0 cloak
rCorr   .            (gloves unavailable)
SInv    +            (boots unavailable)
Will    +....        (no amulet)
Stlth   ++++++++++   (no ring)
HPRegen 0.27/turn    (no ring)
MPRegen 0.12/turn

%: no teleportation
@: very quick
A: very small, no large weapons, unfitting armour, see invisible, speed 3
a: Renounce Religion


You were in the Dungeon.
You worshipped Jiyva.
Jiyva was noncommittal.
You visited 1 branch You collected 362 gold pieces.

Inventory:

Hand Weapons
 a - a +2 dagger (weapon)
Missiles
 d - 9 poisoned darts
Armour
 b - a +0 robe (worn)
 c - a +0 cloak (worn)
Wands
 l - a wand of paralysis (8)
Scrolls
 k - a scroll of blinking
Potions
 e - a potion of invisibility {unknown}
 f - a potion of curing
 g - a potion of heal wounds
 h - a potion of haste
 i - 2 potions of magic
 j - a potion of berserk rage


   Skills:
 + Level 5.1 Fighting
 + Level 6.4 Short Blades
 - Level 2.6 Throwing
 + Level 4.3 Dodging
 O Level 27 Stealth
 + Level 3.1 Evocations


You had 8 spell levels left.
You didn't know any spells.
Your spell library was empty.

Dungeon Overview and Level Annotations

Branches:
Dungeon (1/1)

Altars:
Cheibriados
Dithmenos
Elyvilon
Fedhas
Gozag
Hepliaklqana
Kikubaaqudgha
Makhleb
Nemelex Xobeh
Okawaru
Qazlal
Ru
Sif Muna
Trog
Uskayaw
Vehumet
Wu Jian
Xom
Yredelemnul
Zin
The Shining One
Jiyva
Lugonu

Shops:
D [


Innate Abilities, Weirdness & Mutations

You are very small and have problems with some larger weapons.
You are too small for most types of armour.
You have supernaturally acute eyesight. (SInv)
You cover ground extremely quickly. (Speed+++)


Message History

You have reached level 8!
You hear a distant slurping noise.
Things that are here:
a +0 dagger; a +0 robe; a kobold corpse You hear a distant slurping noise.
Things that are here:
a +0 dagger; a +0 robe You hear a distant slurping noise.
You open the door. 4 demonic crawlers come into view.
You hear a distant slurping noise.
There is an open door here.
The helpless demonic crawler fails to defend itself.
You stick the demonic crawler like a pincushion!!!!!
You kill the demonic crawler!
Your Short Blades skill increases to level 6!
Your Dodging skill increases to level 4!
Your Stealth skill gained 2 levels and is now at level 25!
The helpless demonic crawler fails to defend itself.
You perforate the demonic crawler like a sieve!!!!!
You kill the demonic crawler!
Your Fighting skill increases to level 5!
You have mastered Stealth!
Your Evocations skill increases to level 3!
You have reached level 9!
Your experience leads to an increase in your attributes!
Increase (S)trength, (I)ntelligence, or (D)exterity?
You feel agile. x2
The demonic crawler gives a hideous shriek! x2
You hear a distant slurping noise.
The demonic crawler barely misses you. x2; The demonic crawler hits you!
The demonic crawler hits you. The demonic crawler closely misses you.
The demonic crawler hits you!
You hit the demonic crawler but do no damage.
The demonic crawler barely misses you. The demonic crawler hits you!!
* * * LOW HITPOINT WARNING * * *
The demonic crawler hits you.
* * * LOW HITPOINT WARNING * * *
The demonic crawler barely misses you. The demonic crawler hits you.
You die...

################
.)'..#__#.....)#
..#..'..'..#...##+#
####'#__####)..'@s#
...#.#### #####.s+
..##.# #+## #'#_.+
'..._# #_.#'#
##+#)# ###


You could see 2 demonic crawlers.

Vanquished Creatures
  2 demonic crawlers (D)
  2 kobold demonologists (D)
  A slime creature (D)
  Sigmund (D)
  A yak (D)
  An ogre (D)
  A jelly (D)
  Ijyb (D)
10 creatures vanquished.

Vanquished Creatures (others)
  2 necrophages (D)
  7 jellies (D)
9 creatures vanquished.

Grand Total: 19 creatures vanquished

Notes
Turn   | Place    | Note
-------+----------+-------------------------------------------
     0 | D        | dialectric the Spriggan Brigand began the quest for the
                  | Orb.
     0 | D        | Reached XP level 1. HP: 10/10 MP: 2/2
     2 | D        | Noticed Ijyb
     4 | D        | Paralysed by Ijyb for 2 turns
     7 | D        | Killed Ijyb
     8 | D        | Reached skill level 9 in Stealth
     8 | D        | Reached XP level 2. HP: 9/15 MP: 3/3
    12 | D        | Noticed an ogre
    14 | D        | Killed an ogre
    15 | D        | Reached skill level 13 in Stealth
    15 | D        | Reached XP level 3. HP: 13/19 MP: 4/4
    15 | D        | Reached XP level 4. HP: 16/23 MP: 5/5
    17 | D        | Noticed Sigmund
    27 | D        | Killed Sigmund
    28 | D        | Reached skill level 17 in Stealth
    28 | D        | Reached skill level 1 in Evocations
    28 | D        | Reached XP level 5. HP: 22/28 MP: 6/6
    49 | D        | Found a shimmering blue altar of Sif Muna.
    50 | D        | Found an ornate altar of the Wu Jian Council.
    51 | D        | Found a radiant altar of Vehumet.
    56 | D        | Reached XP level 6. HP: 31/32 MP: 7/7
    83 | D        | Found Ustrat's Antique Armour Emporium.
    83 | D        | Found an ancient bone altar of Kikubaaqudgha.
    83 | D        | Found a hazy altar of Hepliaklqana.
    83 | D        | Found a hide-covered altar of Uskayaw.
    83 | D        | Found a basalt altar of Yredelemnul.
    83 | D        | Found an opulent altar of Gozag.
    83 | D        | Found a snail-covered altar of Cheibriados.
    83 | D        | Found a sacrificial altar of Ru.
    83 | D        | Found a shadowy altar of Dithmenos.
    83 | D        | Noticed a yak
    84 | D        | Found a stormy altar of Qazlal.
    84 | D        | Found a blossoming altar of Fedhas.
    84 | D        | Found a bloodstained altar of Trog.
    84 | D        | Found an iron altar of Okawaru.
    84 | D        | Found a glowing golden altar of the Shining One.
    84 | D        | Found a glowing silver altar of Zin.
    84 | D        | Found a white marble altar of Elyvilon.
    85 | D        | Killed a yak
    86 | D        | Reached skill level 19 in Stealth
    86 | D        | Found a sparkling altar of Nemelex Xobeh.
   102 | D        | Found a burning altar of Makhleb.
   102 | D        | Found a shimmering altar of Xom.
   102 | D        | Noticed a slime creature
   103 | D        | Found a viscous altar of Jiyva.
   103 | D        | Found a corrupted altar of Lugonu.
   105 | D        | Killed a slime creature
   106 | D        | Reached skill level 5 in Short Blades
   106 | D        | Reached skill level 20 in Stealth
   106 | D        | Reached XP level 7. HP: 37/37 MP: 8/8
   108 | D        | Became a worshipper of Jiyva Jatoxoip the Shapeless
   111 | D        | Noticed a kobold demonologist
   116 | D        | Noticed a kobold demonologist
   119 | D        | Killed a kobold demonologist
   120 | D        | Reached skill level 22 in Stealth
   120 | D        | Killed a kobold demonologist
   121 | D        | Reached skill level 23 in Stealth
   121 | D        | Reached XP level 8. HP: 42/42 MP: 9/9
   126 | D        | Noticed a demonic crawler
   126 | D        | Noticed a demonic crawler
   126 | D        | Noticed a demonic crawler
   126 | D        | Noticed a demonic crawler
   128 | D        | Killed a demonic crawler
   129 | D        | Reached skill level 25 in Stealth
   129 | D        | Killed a demonic crawler
   130 | D        | Reached skill level 5 in Fighting
   130 | D        | Reached skill level 27 in Stealth
   130 | D        | Reached XP level 9. HP: 47/47 MP: 10/10
   131 | D        | Slain by a demonic crawler

Illustrated notes

Levels and vault maps discovered:
D:        dungeon_sprint_1 [red_sonja_temple_1, red_sonja_temple_small_1]

Skill      XL: |  1  2  3  4  5  6  7  8 |
---------------+-------------------------+-----
Fighting       | 2 3 4 5 |  5.1
Stealth        | 9 13 17 20 23 27 | 27.0
Short Blades   | 3 4 5 6 |  6.4
Dodging        | 2 3 4 |  4.3
Evocations     | 1 2 3 |  3.1
Throwing       | |  2.6

Action                     |  1- 3 |  4- 6 |  7- 9 || total
---------------------------+-------+-------+-------++-------
  Melee: Dagger            |     2 |     8 |     5 ||    15
  Throw: Dart              |     1 |     3 |       ||     4
  Evoke: Wand              |       |     1 |       ||     1
   Stab: Sleeping          |     2 |     3 |     4 ||     9
  Dodge: Dodged            |       |     4 |     5 ||     9

Table legend: (Time is in decaauts)
 A = Elapsed time spent in this place.
 B = Non-inter-level travel time spent in this place.
 C = Inter-level travel time spent in this place.
 D = Time resting spent in this place.
 E = Time spent auto-exploring this place.
 F = Levels seen in this place.
 G = Mean time per level.
                   A        B        C        D        E       F      G
               +--------+--------+--------+--------+--------+-----+--------+
         Total |     95 |     95 |      0 |      0 |      0 |   1 |   95.0 |
       Dungeon |     95 |     95 |      0 |      0 |      0 |   1 |   95.0 |
               +--------+--------+--------+--------+--------+-----+--------+

Top non-repeatable levels by time:
       D: 95 daAuts
